 Dungeon Crawl Stone Soup version 0.14-a0-2381-g4cacdb4 (webtiles) character file.

10940 HollowCharge the Carver (level 11, -4/69 HPs)
             Began as a Tengu Fighter on Feb 2, 2014.
             Was a High Priest of Okawaru.
             Killed from afar by an electric eel (16 damage)
             ... with a bolt of electricity
             ... on Level 2 of the Lair of Beasts.
             The game lasted 01:03:21 (14480 turns).

HollowCharge the Carver (Tengu Fighter)            Turns: 14480, Time: 01:03:21

HP  -4/69        AC  8     Str 15 (16) XL: 11   Next: 62%
MP   1/15        EV 17     Int 10      God: Okawaru [*****.]
Gold 458         SH 22     Dex 17      Spells:  0 memorised, 10 levels left

rFire  . . .     SeeInvis +     H - +3,+1 scimitar (elec)
rCold  + . .     Clarity  .     y - +4 robe of Upocwap {rPois rC+}
rNeg   . . .     Conserve .     c - +0 shield
rPois  +         rCorr    .     (helmet restricted)
rElec  .         rRot     .     (no cloak)
SustAb . .       Spirit   .     L - +1 pair of gloves
rMut   .         Warding  .     (boots unavailable)
Saprov . . .     Stasis   .     (no amulet)
MR     .....                    m - +1 ring of dexterity
                                C - ring of see invisible

@: mildly poisoned, not resistant to hostile enchantments, unstealthy
A: able to fly, beak, talons 3
a: Fly, Heroism, Finesse, Renounce Religion


You were on level 2 of the Lair of Beasts.
You worshipped Okawaru.
Okawaru was extremely pleased with you.
You were very hungry.

You visited 2 branches of the dungeon, and saw 10 of its levels.
You also visited: Sewer.

You collected 458 gold pieces.

Inventory:

Hand weapons
 H - a +3,+1 scimitar of electrocution (weapon)
 I - a +3,+3 orcish short sword
 O - a +1,+0 elven long sword
Armour
 c - a +0 shield (worn)
 l - a +2 orcish ring mail
 s - a +0 plate armour
 u - a +0 scale mail of fire resistance
 y - the +4 robe of Upocwap (worn) {rPois rC+}
   (You found it on level 5 of the Dungeon)

   It protects you from cold.
   It protects you from poison.
 E - a +0 pair of gloves
 L - a +1 pair of gloves (worn)
Magical devices
 h - a wand of frost (7)
 p - a wand of flame (11)
 B - a wand of cold (0)
 J - a wand of polymorph (11)
Comestibles
 g - 3 meat rations
 j - a choko
 o - a bread ration
 w - a rambutan
 z - 6 beef jerkies
 K - a banana
Scrolls
 b - 2 scrolls of fog
 k - a scroll of recharging {unknown}
 n - 5 scrolls of remove curse
 q - 4 scrolls of teleportation
Jewellery
 d - an uncursed amulet of stasis {unknown}
 m - a +1 ring of dexterity (right hand)
 r - an uncursed amulet of warding {unknown}
 x - an uncursed ring of sustenance
 C - a ring of see invisible (left hand)
 F - a cursed ring of ice
Potions
 e - a potion of speed
 f - 2 potions of might
 i - 8 potions of curing
 t - a potion of heal wounds
 A - 2 potions of agility
 D - a potion of degeneration {unknown}
 G - 2 potions of confusion {unknown}
 M - a potion of berserk rage {unknown}


   Skills:
 + Level 8.8 Fighting
 * Level 12.4 Long Blades
 - Level 5.0 Armour
 + Level 8.7 Dodging
 + Level 7.9 Shields


You had 10 spell levels left.
You didn't know any spells.

Dungeon Overview and Level Annotations

Branches:
Dungeon (8/16)             Temple (0/1) D:7            Lair (2/8) D:8

Altars:
Elyvilon
Kikubaaqudgha
Makhleb
Nemelex Xobeh
Okawaru
Xom
The Shining One

Shops:
D:8 [


Innate Abilities, Weirdness & Mutations

You can fly.
You have a beak for a mouth.
You have claws for feet.


Message History

Your surroundings suddenly seem different.
Splash!
You fall into the shallow water.
Moving in this stuff is going to be slow.
* * * LOW HITPOINT WARNING * * *
You feel sick.
You feel a little better. You block the shark's attack. The shark bites you!
* * * LOW HITPOINT WARNING * * *
A giant centipede, an electric eel and a shark come into view.
Really attack with your +3,+1 scimitar of electrocution while in water? [Y]es or [N]o only, please.
Really attack with your +3,+1 scimitar of electrocution while in water?
Okay, then.
You feel much better. The shark bites you!
* * * LOW HITPOINT WARNING * * *
You block the shark's attack.
The electric eel shoots out a bolt of electricity!
The bolt of electricity hits you!
You die...

..#..##.#.###*,.,.*,,***≈**≈≈.≈≈≈
..f.#....##*#,..,....,≈≈***≈≈,≈≈≈
........## #≈#♣≈♣≈♣... ***≈≈≈,≈≈≈
..#...P.####≈≈;PP≈≈≈♣P≈≈≈≈≈≈≈,≈≈≈
#.....#..#PPP≈≈≈P≈PP≈≈≈J≈≈≈≈≈,≈≈≈
#.#.#......≈P≈≈≈≈≈≈PPP≈≈≈≈≈≈≈,≈≈≈
P...#...................,,,,,,,≈≈
..f..#.....≈P≈≈P≈≈≈≈≈≈≈≈≈≈≈≈≈,,**
P.f.###...#≈≈Ps≈@P♣** ≈ ≈≈*≈,,,*,
..#..#.)....♣≈≈;PP♣♣≈≈****≈,,,,,,
....###.....#≈P♣♣♣...#.♣≈≈,,,*,**
.....#......####.........,,*###*
.}...........##......#...#.##..##
.................................
..#....#f...........#l#.#..###.#.
###...##......f......#.#.#.P#.##.
#...##.........................


You could see a shark, a fire drake (wandering), a jellyfish (wandering), an
electric eel and a giant centipede.

Vanquished Creatures
  A queen ant (Lair:1)
  A fire drake (D:8)
  A komodo dragon (Lair:2)
  3 blink frogs (Lair:1)
  13 yaks
  A hippogriff (D:8)
  20 soldier ants (Lair:1)
  2 sky beasts
  3 giant goldfish (Lair:2)
  A porcupine (Lair:1)
  3 ogres
  An orc warrior (D:6)
  2 phantoms
  3 crocodiles
  2 water moccasins
  5 centaurs
  3 giant slugs
  10 giant frogs
  2 jellyfish (Lair:2)
  A giant goldfish zombie (D:3)
  4 wights (D:7)
  2 electric eels (Lair:2)
  A goliath beetle (D:8)
  3 crimson imps
  7 hounds
  2 big fish (Lair:2)
  4 orc priests
  5 orc wizards
  A giant frog skeleton (D:4)
  2 scorpions (D:5)
  7 iguanas
  23 worker ants
  Ijyb (D:2)
  A mummy (D:6)
  13 adders
  A gnoll (D:7)
  6 green rats (Lair:2)
  3 giant mites
  5 worms
  3 adder skeletons
  An adder zombie (D:6)
  An iguana skeleton (D:7)
  A giant eyeball (D:6)
  9 giant geckos
  An ooze (D:6)
  23 orcs
  17 bats
  2 bat zombies (D:3)
  6 giant cockroaches
  A grey rat (D:6)
  12 hobgoblins
  16 jackals
  15 kobolds
  4 ball pythons
  8 giant newts
  A giant newt skeleton (D:5)
  14 goblins
  A hobgoblin skeleton (D:5)
  4 quokkas
  A quokka zombie (D:5)
  21 rats
  A rat skeleton (D:4)
  A rat zombie (D:3)
  A ballistomycete (D:6)
334 creatures vanquished.

Vanquished Creatures (others)
  A giant spore (D:6)
  2 fungi (Lair:1)
  3 plants
6 creatures vanquished.

Grand Total: 340 creatures vanquished

Notes
Turn   | Place    | Note
--------------------------------------------------------------
     0 | D:1      | HollowCharge, the Tengu Fighter, began the quest for the Orb.
     0 | D:1      | Reached XP level 1. HP: 14/14 MP: 1/1
    37 | D:1      | Reached XP level 2. HP: 13/19 MP: 3/3
   573 | D:1      | Reached skill level 1 in Dodging
   592 | D:1      | Reached XP level 3. HP: 23/23 MP: 4/4
   952 | D:2      | Noticed Ijyb
   962 | D:2      | Killed Ijyb
  1080 | D:2      | Reached XP level 4. HP: 7/28 MP: 5/5
  1377 | D:2      | Reached skill level 4 in Armour
  1572 | D:2      | Found a white marble altar of Elyvilon.
  2478 | D:3      | Found an ancient bone altar of Kikubaaqudgha.
  2698 | D:3      | Reached XP level 5. HP: 30/33 MP: 7/7
  2801 | D:4      | Noticed a phantom
  2909 | D:4      | Killed a phantom
  2909 | D:4      | Reached XP level 6. HP: 25/38 MP: 8/8
  3141 | D:4      | Found a glowing golden altar of the Shining One.
  3332 | D:4      | Reached skill level 5 in Long Blades
  3749 | D:4      | Noticed an ogre
  3760 | D:4      | Killed an ogre
  3760 | D:4      | Reached XP level 7. HP: 13/43 MP: 9/9
  4505 | D:5      | Entered Level 5 of the Dungeon
  4889 | D:5      | Reached skill level 5 in Armour
  5132 | D:5      | Got a fabulously ornate robe
  5148 | D:5      | Identified the +4 robe of Upocwap {rPois rC+} (You found it on level 5 of the Dungeon)
  5368 | D:5      | Reached skill level 6 in Long Blades
  6040 | D:6      | Found a glowing drain.
  6055 | Sewer    | Entered a sewer
  6127 | Sewer    | Reached XP level 8. HP: 30/48 MP: 8/11
  6282 | D:6      | Reached skill level 5 in Fighting
  6580 | D:6      | Found a sparkling altar of Nemelex Xobeh.
  6583 | D:6      | Found a burning altar of Makhleb.
  6600 | D:6      | Found an iron altar of Okawaru.
  6603 | D:6      | Found a shimmering altar of Xom.
  6616 | D:6      | Became a worshipper of Warmaster Okawaru
  6900 | D:7      | Reached skill level 7 in Long Blades
  7787 | D:7      | Reached skill level 5 in Dodging
  8215 | D:7      | Found a staircase to the Ecumenical Temple.
  8229 | D:7      | Reached skill level 8 in Long Blades
  8229 | D:7      | Reached XP level 9. HP: 45/55 MP: 12/12
  8259 | D:7      | Acquired Okawaru's first power
  9673 | D:7      | Reached skill level 5 in Shields
 10018 | D:8      | Reached skill level 9 in Long Blades
 10220 | D:8      | Noticed a fire drake
 10220 | D:8      | Found a staircase to the Lair.
 10798 | D:8      | Reached XP level 10. HP: 39/63 MP: 13/13
 10801 | D:8      | Found Souniujimm's Antique Armour Shoppe.
 11128 | D:8      | Killed a fire drake
 11128 | D:8      | Reached skill level 10 in Long Blades
 11312 | Lair:1   | Entered Level 1 of the Lair of Beasts
 11802 | Lair:1   | Reached skill level 11 in Long Blades
 12548 | Lair:1   | Noticed a five-headed hydra
 12568 | Lair:1   | Reached XP level 11. HP: 49/68 MP: 12/15
 13212 | Lair:1   | Reached skill level 12 in Long Blades
 13219 | Lair:1   | Acquired Okawaru's second power
 13236 | Lair:1   | HP: 2/103 [yak (6)]
 14193 | Lair:2   | Noticed an eight-headed hydra
 14222 | Lair:2   | an eight-headed hydra changed into something unseen
 14223 | Lair:2   | Noticed a ghost moth
 14479 | Lair:2   | HP: 1/69 [shark (7)]
 14480 | Lair:2   | Killed from afar by an electric eel

Action                   |  1- 3 |  4- 6 |  7- 9 | 10-12 || total
-------------------------+-------+-------+-------+-------++-------
Melee: Falchion          |    96 |   167 |   396 |       ||   659
       Scimitar          |       |       |    97 |   401 ||   498
 Abil: Fly               |       |       |     5 |     9 ||    14
Evoke: Wand              |       |       |     2 |     6 ||     8
  Use: Scroll            |       |    19 |    11 |     6 ||    36
       Potion            |       |       |       |     4 ||     4
 Stab: Sleeping          |       |       |     1 |     6 ||     7
